 Dungeon Crawl Stone Soup version 0.30-a0-702-gdf48620a09 (webtiles) character file.

Game seed: 1136208923981651741

5984 drugrobin the Grappler (level 10, -4/77 HPs)
             Began as a Demigod Delver on Jan 21, 2023.
             Slain by a swamp worm (10 damage)
             ... on level 8 of the Dungeon.
             The game lasted 00:27:10 (9209 turns).

drugrobin the Grappler (Demigod Delver)             Turns: 9209, Time: 00:27:10

Health: -4/77      AC: 13    Str: 20 (21) XL:     10   Next: 30%
Magic:  13/13      EV: 10    Int: 18      God:
Gold:   601        SH:  6    Dex: 19      Spells: 8/9 levels left

rFire   . . .      SeeInvis .      - Unarmed
rCold   + + .      Faith    .    G - +2 buckler
rNeg    . . .      Spirit   .    h - +6 scale mail of Love and Death {rC+ rCorr}
rPois   .          Reflect  .    (no helmet)
rElec   .          Harm     .    (no cloak)
rCorr   +          Rampage  .    (no gloves)
Will    +....                    y - +0 pair of boots
Stlth   ++                       (no amulet)
HPRegen 0.32/turn                H - ring of protection from cold
MPRegen 0.13/turn                L - +6 ring of intelligence

@: no status effects
A: high MP 1, forlorn, divine attributes, deterioration 1
a: no special abilities


You were on level 8 of the Dungeon.
You visited 1 branch of the dungeon, and saw 8 of its levels.
You also visited: Ossuary.

You collected 637 gold pieces.
You spent 36 gold pieces at shops.

Inventory:

Hand Weapons
 b - a +0 sling
 c - a +1 dagger of venom
 d - a +6 spear of venom
Missiles
 t - 29 poisoned darts
 I - 6 boomerangs (quivered)
Armour
 h - the +6 scale mail of Love and Death (worn) {rC+ rCorr}
   (You found it on level 4 of the Dungeon)

   rC:        It protects you from cold.
   rCorr:     It protects you from acid and corrosion.
 y - a +0 pair of boots (worn)
 E - an orb of light
 G - a +2 buckler (worn)
Magical Staves
 j - a staff of earth
Jewellery
 a - a ring of fire
 H - a ring of protection from cold (left hand)
 L - a +6 ring of intelligence (right hand)
Wands
 f - a wand of digging (3)
 J - a wand of iceblast (9)
 N - a wand of paralysis (1)
Scrolls
 g - 2 scrolls of fog
 m - 4 scrolls of vulnerability {unknown}
 p - 5 scrolls of teleportation {unknown}
 q - a scroll of acquirement
 v - 3 scrolls of amnesia {unknown}
 w - 4 scrolls of immolation {unknown}
 z - 2 scrolls of fear
 A - 2 scrolls of poison {unknown}
 B - 2 scrolls of blinking
 F - 7 scrolls of identify
 K - a scroll of enchant armour
 O - a scroll of noise {unknown}
Potions
 e - 3 potions of haste
 i - 4 potions of berserk rage
 k - 3 potions of attraction {unknown}
 l - a potion of magic {unknown}
 n - 6 potions of curing {unknown}
 o - 3 potions of lignification {unknown}
 r - a potion of might {unknown}
 s - a potion of experience {unknown}
 u - 4 potions of heal wounds
 x - a potion of resistance
 C - 2 potions of brilliance {unknown}
 D - a potion of mutation {unknown}
 M - a potion of ambrosia {unknown}


   Skills:
 + Level 3.4 Fighting
 - Level 1.7 Dodging
 - Level 4.5 Stealth
 * Level 14.4 Unarmed Combat


You had 8 spell levels left.
You knew the following spells:

 Your Spells              Type           Power      Damage    Failure   Level
a - Summon Small Mammal   Summ           0%         N/A       67%         1

Your spell library contained the following spells:

 Spells                   Type           Power      Damage    Failure   Level
 Apportation              Tloc           0%         N/A       67%         1
 Necrotise                Necr           0%         1d4       67%         1
 Cigotuvi's Dreadful Rot  Necr/Pois/Air  0%         N/A       80%         2
 Ensorcelled Hibernation  Hex/Ice        0%         N/A       80%         2
 Passwall                 Tmut/Erth      0%         N/A       80%         2
 Poisonous Vapours        Pois/Air       0%         N/A       80%         2
 Call Canine Familiar     Summ           0%         N/A       95%         3
 Kindle Blastsparks       Fire/Tloc/Air  0%         2d10      95%         3
 Mephitic Cloud           Conj/Pois/Air  0%         N/A       95%         3
 Summon Guardian Golem    Hex/Summ       0%         N/A       95%         3
 Swiftness                Air            0%         N/A       95%         3
 Tukima's Dance           Hex            0%         N/A       95%         3
 Fulminant Prism          Conj/Hex       0%         3d5       100%        4
 Iskenderun's Mystic Bla  Conj/Tloc      0%         2d3       100%        4
 Passage of Golubria      Tloc           0%         N/A       100%        4
 Alistair's Intoxication  Tmut/Pois      0%         N/A       100%        5
 Lee's Rapid Deconstruct  Erth           0%         3d4*      100%        5
 Yara's Violent Unravell  Hex/Tmut       0%         3d3       100%        5


Dungeon Overview and Level Annotations

Branches:
Dungeon (8/15)             Temple (0/1) D:6         Ossuary (visited)
   Lair: D:8-11

Shops:
D:7 (

Annotations:
D:4 Grinder
D:5 1 runed translucent door, Crazy Yiuf
D:6 Edmund


Innate Abilities, Weirdness & Mutations

You have an increased reservoir of magic. (+10% MP)
You shall have no god before yourself.
Your divine heritage dramatically boosts your attributes as you level up.
Your body sometimes deteriorates upon taking damage.


Message History

Unknown command.
The swamp worm bites the plant!!
The plant begins to die.
The swamp worm bites the plant!
Something bites the plant!!
A nearby plant withers and dies.
The swamp worm bites the plant.
The plant begins to die.
You enter the shallow water.
Moving in this stuff is going to be slow.
Found a leather armour.
A swamp worm comes into view.
The swamp worm bites you! You block the swamp worm's attack.
The swamp worm fires a harpoon shot at you.
The harpoon shot hits you!
You are yanked forward by the harpoon shot.
Splash!
The swamp worm attacks as you move away!
The swamp worm bites you but does no damage.
The swamp worm fires a harpoon shot at you.
The harpoon shot misses you.
The swamp worm fires a harpoon shot at you.
The harpoon shot hits you!
Your body deteriorates!
You feel weakened.
You are yanked forward by the harpoon shot.
Splash!
You fall into the shallow water.
Moving in this stuff is going to be slow.
The swamp worm bites you! x2
Unknown command.
The swamp worm closely misses you.
Unknown command.
The swamp worm attacks as you move away!
The swamp worm bites you!
* * * LOW HITPOINT WARNING * * *
The swamp worm fires a harpoon shot at you.
The harpoon shot hits you!
* * * LOW HITPOINT WARNING * * *
You are yanked forward by the harpoon shot.
The swamp worm bites you!
You die...

##.#############...##.######..
#.# ##............. #.#
##.....#...##.. #.#
#.............. #.#
#......####.#.. #.#
########......# #.... #.#
###.....##......# ###.# #.#
##~~~~~#.##..##### #.. #.#
#~~~~~~w@....# #.#
#.###~≈P~P≈w##..## ####.#
#.##~~##~##~~##.# #.....
#.#~~~#~~~#~~~#.# #....)
#.#~≈##~~~##≈~#.# #...[.
##..~~#~[[~~#~~#.########.....
#...~≈##~~~##≈~...............
####~~~#~~~#~~~#..............
##~~##~##~~...###########.#


You could see 2 swamp worms.

Vanquished Creatures
  A kobold demonologist (D:5)
  A hornet (D:7)
  7 yaks
  Sigmund (D:5)
  Eustachio (D:4)
  2 steam dragons
  3 wargs
  A water moccasin (D:8)
  2 sky beasts (D:7)
  3 orc warriors
  2 black bears
  2 ice beasts
  6 ogres (D:6)
  A centaur (D:8)
  3 kobold brigands (D:6)
  A scorpion (D:5)
  2 gnoll sergeants
  A bullfrog (D:7)
  5 water moccasin zombies (Ossuary)
  5 killer bees (D:7)
  9 howler monkeys (D:6)
  6 hounds
  3 jellies
  An orc priest (D:6)
  A gnoll bouda (D:6)
  An iguana (D:6)
  6 orc wizards
  2 mummies (Ossuary)
  7 adders
  9 gnolls
  A shadow imp (D:6)
  A white imp (D:7)
  A worm (D:2)
  5 adder zombies (Ossuary)
  2 dart slugs (D:1)
  17 orcs
  An endoplasm (D:3)
  6 giant cockroaches
  3 gnoll zombies (Ossuary)
  7 goblins
  6 hobgoblins (D:1)
  3 kobolds
  6 quokkas
  6 ball pythons
  7 bats
  3 frilled lizards
  7 hobgoblin zombies (Ossuary)
  4 kobold zombies (Ossuary)
  6 orc zombies (Ossuary)
  6 rats
193 creatures vanquished.

Vanquished Creatures (others)
  An orc wizard (D:6)
  2 orcs (D:6)
  A fungus (D:6)
  3 plants
7 creatures vanquished.

Grand Total: 200 creatures vanquished

Notes
Turn   | Place    | Note
-------+----------+-------------------------------------------
     0 | D:5      | drugrobin the Demigod Delver began the quest for the Orb.
     0 | D:5      | Reached XP level 1. HP: 18/18 MP: 3/3
    35 | D:5      | Noticed Sigmund
    63 | D:5      | Noticed an orc wizard
    88 | D:4      | Noticed a scorpion
    88 | D:4      | Noticed a jelly
    97 | D:4      | Noticed a black bear
   153 | D:4      | Identified the +6 scale mail of Love and Death {rC+ rCorr}
   165 | D:3      | Reached skill level 2 in Unarmed Combat
   202 | D:3      | Reached XP level 2. HP: 14/25 MP: 4/4
   400 | D:3      | Reached skill level 3 in Unarmed Combat
   425 | D:3      | Reached XP level 3. HP: 24/30 MP: 5/5
   567 | D:3      | Reached skill level 4 in Unarmed Combat
   658 | D:3      | Reached XP level 4. HP: 37/37 MP: 6/6
  2241 | D:2      | Learned a level 1 spell: Summon Small Mammal
  2330 | D:2      | Reached skill level 5 in Unarmed Combat
  2330 | D:2      | Reached XP level 5. HP: 42/42 MP: 7/7
  2813 | D:4      | Noticed Eustachio
  2842 | D:4      | Killed Eustachio
  2843 | D:4      | Reached skill level 6 in Unarmed Combat
  2936 | D:4      | Reached XP level 6. HP: 45/50 MP: 8/8
  2995 | D:4      | Noticed Grinder
  3218 | D:5      | Reached skill level 7 in Unarmed Combat
  3280 | D:5      | Found a runed translucent door.
  3281 | D:5      | Noticed Crazy Yiuf
  3352 | D:5      | Reached XP level 7. HP: 56/56 MP: 9/9
  3597 | D:5      | Reached skill level 8 in Unarmed Combat
  3858 | D:5      | Killed Sigmund
  4290 | D:6      | Reached skill level 9 in Unarmed Combat
  4314 | D:6      | Reached XP level 8. HP: 13/62 MP: 10/10
  4540 | D:6      | Reached skill level 10 in Unarmed Combat
  4696 | D:6      | Found a staircase to the Ecumenical Temple.
  4767 | D:6      | Noticed a kobold demonologist
  4926 | D:6      | Gained mutation: Your body sometimes deteriorates upon
                  | taking damage. [a neqoxec]
  4937 | D:5      | Noticed an ice devil
  4942 | D:5      | Killed a kobold demonologist
  4943 | D:5      | Reached skill level 11 in Unarmed Combat
  5261 | D:6      | Reached XP level 9. HP: 68/68 MP: 11/11
  5675 | D:6      | Reached skill level 12 in Unarmed Combat
  6100 | D:6      | Noticed Edmund
  6768 | D:7      | Reached skill level 13 in Unarmed Combat
  7157 | D:7      | Found Ohiecuat's Weapon Boutique.
  7164 | D:7      | Bought 5 poisoned darts for 36 gold pieces
  7422 | D:7      | Reached XP level 10. HP: 74/74 MP: 13/13
  8015 | D:8      | Reached skill level 14 in Unarmed Combat
  8316 | D:8      | Found a sand-covered staircase.
  8321 | Ossuary  | Entered an ossuary
  8510 | Ossuary  | Identified a scroll of acquirement
  9209 | D:8      | Slain by a swamp worm

Illustrated notes

Levels and vault maps discovered:
D:1:      shiori_arrival_oz, layout_loops_ring, kennysheep_crisscross,
          supply_closet_lemuel
D:2:      minmay_general_purpose_star, layout_basic, minmay_tromino_mix6
D:3:      layout_loops_ring, okawaru_gym_becter, ebering_ecumenical_altar_box,
          grunt_ministairs_5
D:4:      layout_cave_pools, mainiacjoe_overflow_alcove_1,
          hangedman_decor_clover_reticule, uniq_grinder, uniq_eustachio
D:5:      layout_basic, mainiacjoe_overflow_concentric_impassable, uniq_sigmund,
          uniq_crazy_yiuf_cottage
D:6:      lemuel_castle_with_subvaults [lemuel_castle_interior_carwin_2],
          layout_basic, minmay_temple_entry_proselytizer, uniq_edmund
D:7:      layout_layer_cave, zin_academy, serial_shops, nicolae_shop_stone
D:8:      layout_basic, nzn_wu_jian_council_hall,
          mainiacjoe_overflow_small_starburst, enter_ossuary_5, worms_lemuel

Skill      XL: |  1  2  3  4  5  6  7  8  9 10 |
---------------+-------------------------------+-----
Unarmed Combat | 2 3 4 5 6 7 9 11 13 14 | 14.4
Fighting       | 3 |  3.4
Dodging        | |  1.7
Stealth        | |  4.5

Action                   |  1- 3 |  4- 6 |  7- 9 | 10-12 || total
-------------------------+-------+-------+-------+-------++-------
Melee: Unarmed           |    49 |    35 |   339 |   129 ||   552
       Dagger            |     3 |   170 |    34 |       ||   207
       Punch             |     1 |     7 |     9 |       ||    17
 Fire: Sling             |    17 |     5 |    32 |       ||    54
Throw: Dart              |       |     1 |    16 |       ||    17
       Boomerang         |       |       |    13 |    10 ||    23
 Cast: Summon Small Mamm |       |       |     1 |       ||     1
Evoke: Wand              |       |       |     2 |       ||     2
  Use: Scroll            |     2 |       |       |     4 ||     6
       Potion            |     2 |       |     1 |       ||     3
 Stab: Sleeping          |       |     5 |       |     2 ||     7
       Paralysed         |       |       |     2 |       ||     2
Armor: Scale mail        |    26 |   129 |   130 |    41 ||   326
       Leather armour    |     3 |       |       |       ||     3
Dodge: Dodged            |    25 |   106 |   151 |    42 ||   324
Block: Buckler           |       |       |    50 |    17 ||    67

Table legend: (Time is in decaauts)
 A = Elapsed time spent in this place.
 B = Non-inter-level travel time spent in this place.
 C = Inter-level travel time spent in this place.
 D = Time resting spent in this place.
 E = Time spent auto-exploring this place.
 F = Levels seen in this place.
 G = Mean time per level.
                   A        B        C        D        E       F      G
               +--------+--------+--------+--------+--------+-----+--------+
         Total |   9172 |   8817 |    355 |   1154 |   5158 |   9 | 1019.1 |
       Dungeon |   8995 |   8640 |    355 |   1154 |   5134 |   8 | 1124.4 |
       Ossuary |    177 |    177 |      0 |      0 |     24 |   1 |  177.0 |
               +--------+--------+--------+--------+--------+-----+--------+

Top non-repeatable levels by time:
     D:6: 2007 daAuts
     D:5: 1542 daAuts
     D:7: 1261 daAuts
     D:3: 1191 daAuts
     D:8: 1042 daAuts
     D:2: 932 daAuts
     D:1: 732 daAuts
     D:4: 284 daAuts
 Ossuary: 177 daAuts
